 Dungeon Crawl Stone Soup version 0.29-a0-392-g297d3b089c (webtiles) character file.

Game seed: 11605985711557581808

1980 quokkamancerX the Fighter (level 9, -2/91 HPs)
             Began as a Gargoyle Hunter on May 8, 2022.
             Was an Initiate of Hepliaklqana.
             Slain by a wight
             ... wielding a +3 flail
              (5 damage)
             ... on level 6 of the Dungeon.
             The game lasted 00:26:20 (7744 turns).

quokkamancerX the Fighter (Gargoyle Hunter)         Turns: 7744, Time: 00:26:21

Health: -2/91      AC: 24    Str: 16    XL:     9   Next: 20%
Magic:  9/9        EV:  2    Int:  9    God:    Hepliaklqana [......]
Gold:   333        SH:  4    Dex: 17    Spells: 8/8 levels left

rFire   . . .      SeeInvis .   b - +0 whip (venom)
rCold   . . .      Faith    .   p - +0 buckler
rNeg    + . .      Spirit   .   (body armour currently unavailable)
rPois   ∞          Reflect  .   (helmet currently unavailable)
rElec   .          Harm     .   (cloak currently unavailable)
rCorr   .          Rampage  .   (gloves currently unavailable)
Will    .....      NoTele   +   (boots currently unavailable)
Stlth   ++........              (no amulet)
HPRegen 0.25/turn               (no ring)
MPRegen 0.11/turn               (no ring)

@: tree-form (expiring)
A: stationary, stasis, torment immunity, boosted hp, sickness immunity, AC +6,
negative energy resistance 1, (electricity resistance), torment resistance 1,
petrification resistance
a: Renounce Religion


You were on level 6 of the Dungeon.
You worshipped Hepliaklqana.
Hepliaklqana was noncommittal.
You were a tree.
You visited 2 branches of the dungeon, and saw 8 of its levels.

You collected 333 gold pieces.

Inventory:

Hand Weapons
 a - a +1 hand crossbow
 b - a +0 whip of venom (weapon)
Missiles
 g - 6 atropa-tipped darts
Armour
 d - a +1 helmet (melded)
 p - a +0 buckler (worn)
 y - a +0 cloak (melded)
 A - a +0 ring mail (melded)
Jewellery
 j - a ring of ice
Wands
 s - a wand of paralysis (12)
 w - a wand of polymorph (3)
Scrolls
 c - a scroll of immolation
 u - 2 scrolls of teleportation
Potions
 e - a potion of lignification
 f - 4 potions of curing
 h - a potion of magic
 m - 4 potions of flight
 q - a potion of ambrosia {unknown}
 t - 2 potions of attraction
 z - a potion of haste


   Skills:
 + Level 9.4 Fighting
 + Level 9.3 Crossbows
 - Level 1.5 Dodging
 - Level 1.1 Stealth


You had 8 spell levels left.
You didn't know any spells.
Your spell library contained the following spells:

 Spells                   Type           Power      Damage    Failure   Level
 Slow                     Hex            0%         N/A       50%         1
 Confusing Touch          Hex            0%         N/A       86%         3
 Gell's Gravitas          Tloc           0%         N/A       86%         3
 Inner Flame              Hex/Fire       0%         N/A       86%         3
 Teleport Other           Tloc           0%         N/A       86%         3
 Vampiric Draining        Necr           0%         2d6       86%         3
 Cause Fear               Hex            0%         N/A       99%         4
 Dispersal                Tloc           0%         N/A       100%        6
 Discord                  Hex            0%         N/A       100%        8


Dungeon Overview and Level Annotations

Branches:
Dungeon (7/15)             Temple (1/1) D:6

Altars:
Ashenzari
Cheibriados
Dithmenos
Elyvilon
Fedhas
Hepliaklqana
Kikubaaqudgha
Makhleb
Nemelex Xobeh
Qazlal
Ru
Sif Muna
Trog
Uskayaw
Vehumet
Wu Jian
Xom
Yredelemnul
The Shining One

Shops:
D:5 =(


Innate Abilities, Weirdness & Mutations

You are a tree.
Your roots penetrate the ground, keeping you stationary.
You cannot be teleported.
You are immune to unholy pain and torment.
Your maximum health is greatly increased.
Your equipment is partially melded.
You are immune to sickness and miasma.
((Your stone body is resilient. (AC +6)))
You are immune to poison.
You resist negative energy. (rN+)
((You are resistant to electric shocks. (rElec)))
You are resistant to unholy torment.
You are immune to petrification.


Message History

You hit the wight.
The wight is heavily damaged.
You block the wight's attack.
You hit the wight but do no damage.
The wight is heavily damaged.
The wight hits you but does no damage.
You hit the wight.
The wight is almost destroyed.
The wight hits you but does no damage.
You hit the wight.
The wight is almost destroyed.
The wight hits you with a +3 flail.
You closely miss the wight.
The wight is almost destroyed.
The wight hits you but does no damage.
You hit the wight.
The wight is almost destroyed.
The wight hits you with a +3 flail!
* * * LOW HITPOINT WARNING * * *
The wight hits you with a +3 flail.
* * * LOW HITPOINT WARNING * * *
You closely miss the wight.
The wight is almost destroyed.
The wight hits you with a +3 flail!
* * * LOW HITPOINT WARNING * * *
You barely miss the wight.
The wight is almost destroyed.
You block the wight's attack.
You closely miss the wight.
The wight is almost destroyed.
The wight hits you but does no damage.
You hit the wight but do no damage.
The wight is almost destroyed.
Your transformation is almost over.
The wight hits you with a +3 flail!
* * * LOW HITPOINT WARNING * * *
You hit the wight but do no damage.
The wight is almost destroyed.
The wight hits you with a +3 flail.
You die...

#.#########.#
#...........#
#.#########.# #.# #.# #.#
#.# #.# #.# #.# #.#
#############.#########.##
...............z♣........#
#...#########.#####..(...#
#...#########.# #.###.##
#...'.....(...# #.# #.#
#....########## #.# #.#
####.# #.# #.# ...#.# #.#
#.# ...#.# #.# #.# ⌠..#.#
#.# #.#


You could see a wight.

Vanquished Creatures
  Eustachio (D:3)
  3 water moccasins
  An ice beast (D:5)
  A sky beast (D:6)
  A phantom (D:6)
  2 gnoll sergeants (D:6)
  6 scorpions
  A wight (D:7)
  2 howler monkeys
  A jelly (D:6)
  An orc priest (D:6)
  2 hounds
  2 gnoll shamans
  3 iguanas
  3 orc wizards
  Robin (D:4)
  14 gnolls
  8 adders
  A white imp (D:6)
  An ufetubus (D:6)
  2 worms
  4 dart slugs
  7 orcs
  8 endoplasms
  8 giant cockroaches
  9 hobgoblins
  8 jackals
  2 quokkas (D:1)
  4 ball pythons
  3 bats
  4 frilled lizards (D:1)
  15 goblins
  4 kobolds
  4 rats
137 creatures vanquished.

Notes
Turn   | Place    | Note
-------+----------+-------------------------------------------
     0 | D:1      | quokkamancerX the Gargoyle Hunter began the quest for the
                  | Orb.
     0 | D:1      | Reached XP level 1. HP: 12/12 MP: 1/1
   118 | D:1      | Reached XP level 2. HP: 18/18 MP: 2/2
   386 | D:1      | Reached XP level 3. HP: 23/23 MP: 3/3
  1088 | D:2      | Found a faded altar of an unknown god.
  1203 | D:2      | Reached XP level 4. HP: 25/29 MP: 4/4
  1910 | D:4      | Found a blossoming altar of Fedhas.
  1924 | D:3      | Reached skill level 5 in Crossbows
  2292 | D:4      | Reached XP level 5. HP: 29/33 MP: 5/5
  2357 | D:4      | Noticed Robin
  2369 | D:4      | Killed Robin
  2587 | D:4      | Reached XP level 6. HP: 37/40 MP: 6/6
  2735 | D:4      | Reached skill level 5 in Fighting
  2738 | D:4      | Noticed Eustachio
  2826 | D:3      | Killed Eustachio
  3154 | D:4      | Found a snail-covered altar of Cheibriados.
  3414 | D:5      | Entered Level 5 of the Dungeon
  3420 | D:5      | Reached XP level 7. HP: 45/45 MP: 7/7
  3779 | D:5      | Found Ehohuag's One-of-a-Kind Rings.
  4051 | D:5      | HP: 2/47 [gnoll/+0 halberd[a gnoll shaman] (2)]
  4511 | D:5      | Found a glowing golden altar of the Shining One.
  4586 | D:5      | Reached XP level 8. HP: 48/53 MP: 8/8
  4788 | D:5      | Found Hukhliola's Weapon Shop.
  5848 | D:6      | Found a staircase to the Ecumenical Temple.
  5859 | Temple   | Entered the Ecumenical Temple
  5920 | Temple   | Became a worshipper of Hepliaklqana the Forgotten
  6270 | D:6      | Reached XP level 9. HP: 60/60 MP: 9/9
  7726 | D:7      | Noticed a gargoyle
  7743 | D:6      | HP: 3/91 [wight/+3 flail (8)]
  7744 | D:6      | Slain by a wight

Illustrated notes

Levels and vault maps discovered:
D:1:      dpeg_arrival_ternary, layout_basic, due_unseen_surprise
D:2:      layout_rooms, hellmonk_ecumenical_altar_arch_garden,
          grunt_ministairs_11
D:3:      layout_basic
D:4:      layout_loops_ring, chei_slow_surprise, fedhas_altar_2,
          serial_park_tiny_2, uniq_robin, uniq_eustachio
D:5:      layout_basic, mainiacjoe_overflow_tiny_flanked, serial_shops,
          nicolae_shop_bloodbath_and_beyond, gup_sewer_entry_glass,
          nicolae_shop_unique_rings
D:6:      layout_basic, minmay_temple_entry_proselytizer,
          kennysheep_generic_room_6
D:7:      layout_loops_ring
Temple:   nicolae_temple_x_marks_the_god

Skill      XL: |  1  2  3  4  5  6  7  8  9 |
---------------+----------------------------+-----
Fighting       | 3 4 5 7 8 9 |  9.4
Crossbows      | 5 6 7 8 9 |  9.3
Dodging        | |  1.5
Stealth        | |  1.1

Action                   |  1- 3 |  4- 6 |  7- 9 || total
-------------------------+-------+-------+-------++-------
Melee: Whip              |       |    28 |   158 ||   186
 Fire: Hand crossbow     |   125 |   118 |   218 ||   461
  Use: Scroll            |       |     5 |    10 ||    15
       Potion            |       |     1 |     4 ||     5
 Stab: Invisible         |       |       |     3 ||     3
Armor: Leather armour    |    19 |    55 |    52 ||   126
       Ring mail         |       |       |    44 ||    44
       Skin              |       |       |     9 ||     9
Dodge: Dodged            |    26 |    66 |   115 ||   207
Block: Buckler           |       |    20 |    39 ||    59

Table legend: (Time is in decaauts)
 A = Elapsed time spent in this place.
 B = Non-inter-level travel time spent in this place.
 C = Inter-level travel time spent in this place.
 D = Time resting spent in this place.
 E = Time spent auto-exploring this place.
 F = Levels seen in this place.
 G = Mean time per level.
                   A        B        C        D        E       F      G
               +--------+--------+--------+--------+--------+-----+--------+
         Total |   7870 |   7463 |    407 |   1735 |   3640 |   8 |  983.8 |
       Dungeon |   7804 |   7407 |    397 |   1735 |   3594 |   7 | 1114.9 |
        Temple |     65 |     55 |     10 |      0 |     46 |   1 |   65.0 |
               +--------+--------+--------+--------+--------+-----+--------+

Top non-repeatable levels by time:
     D:6: 1861 daAuts
     D:5: 1854 daAuts
     D:4: 1353 daAuts
     D:3: 1055 daAuts
     D:1: 977 daAuts
     D:2: 466 daAuts
     D:7: 235 daAuts
  Temple: 65 daAuts
